 Dungeon Crawl Stone Soup version 0.24.0-13-gcf9b3192b9 (webtiles) character file.

Game seed: 7073452416420936165, levelgen mode: deterministic

36120 Thantalas the Geomancer (level 13, -17/82 HPs)
             Began as a Gargoyle Earth Elementalist on Nov 8, 2019.
             Was a High Priest of Vehumet.
             Killed from afar by a frost giant (45 damage)
             ... with a bolt of cold
             ... in an ice cave.
             The game lasted 01:01:18 (15654 turns).

Thantalas the Geomancer (GrEE)                     Turns: 15654, Time: 01:01:19

Health: -17/82     AC: 22    Str: 12    XL:     13   Next: 88%
Magic:  20/36      EV: 12    Int: 21    God:    Vehumet [*****.]
Gold:   844        SH:  7    Dex: 10    Spells: 10/33 levels left

rFire    . . .     SeeInvis .   w - +2 long sword (slice)
rCold    . . .     Gourm    .   e - +0 buckler
rNeg     + . .     Faith    .   B - +2 robe {Archmagi}
rPois    ∞         Spirit   .   d - +0 helmet
rElec    +         Reflect  +   G - +2 cloak
rCorr    .         Harm     .   F - +3 pair of gauntlets of War {Slay+5}
MR       .....                  c - +0 pair of boots
Stlth    +++.......             j - +3 amulet of reflection
HPRegen  0.23/turn              k - ring of magical power
MPRegen  0.25/turn              D - ring of stealth

@: no status effects
A: negative energy resistance 1, electricity resistance, unbreathing,
petrification resistance, rot immunity, AC +9
a: Renounce Religion


You were in an ice cave.
You worshipped Vehumet.
Vehumet was extremely pleased with you.
You were not hungry.

You visited 3 branches of the dungeon, and saw 18 of its levels.
You also visited: Sewer and Ice Cave.

You collected 844 gold pieces.

Inventory:

Hand Weapons
 b - a +1 spear
   (You found it on level 1 of the Dungeon)
 w - a +2 long sword of slicing (weapon)
   (You found it on level 6 of the Dungeon)
Missiles
 y - 87 stones (quivered)
 Q - 4 throwing nets {!f}
Armour
 c - a +0 pair of boots (worn)
   (You found it on level 6 of the Dungeon)
 d - a +0 helmet (worn)
   (You took it off Robin on level 4 of the Dungeon)
 e - a +0 buckler (worn)
   (You found it on level 1 of the Lair of Beasts)
 B - a +2 robe of the Archmagi (worn)
   (You found it on level 5 of the Dungeon)
 F - the +3 pair of gauntlets of War (worn) {Slay+5}
   (You found it on level 4 of the Dungeon)

   It affects your accuracy and damage with ranged weapons and melee attacks
   (+5).
 G - a +2 cloak (worn)
   (You found it on level 3 of the Dungeon)
Magical Staves
 a - an uncursed staff of energy {!a}
   (You found it on level 5 of the Dungeon)
Jewellery
 g - a cursed amulet of inaccuracy {unknown}
   (You found it on level 1 of the Lair of Beasts)
 j - a +3 amulet of reflection (around neck)
   (You found it on level 1 of the Dungeon)
 k - a ring of magical power (left hand)
   (You found it on level 1 of the Dungeon)
 D - a ring of stealth (right hand)
   (You took it off a centaur on level 6 of the Dungeon)
Wands
 t - a wand of flame (37)
   (You found it on level 9 of the Dungeon)
 u - a wand of paralysis (31)
   (You found it on level 11 of the Dungeon)
 x - a wand of acid (14)
   (You found it on level 8 of the Dungeon)
Scrolls
 h - 6 scrolls of remove curse {@r2}
 l - 2 scrolls of enchant weapon
 p - 2 scrolls of blinking
 v - a scroll of enchant armour
 C - a scroll of amnesia
 M - 9 scrolls of teleportation {@r4}
 R - a scroll of fear
Potions
 i - 2 potions of magic
 m - 6 potions of curing {@q1}
 n - a potion of brilliance {unknown}
 q - a potion of mutation {unknown}
 r - a potion of degeneration {unknown}
 s - 7 potions of flight
 z - 3 potions of invisibility {unknown}
 H - a potion of resistance {unknown}
 I - 2 potions of might
 K - a potion of lignification {!q}
 L - a potion of berserk rage {unknown}
Comestibles
 f - 30 rations {!d}
 o - 31 chunks of flesh


   Skills:
 - Level 10.0 Fighting
 - Level 1.5 Dodging
 - Level 2.1 Stealth
 - Level 4.0 Shields
 + Level 10.7 Spellcasting
 + Level 12.1 Conjurations
 - Level 0.7 Transmutations
 - Level 3.1 Air Magic
 + Level 13.7 Earth Magic
 - Level 7.1 Poison Magic


You had 10 spell levels left.
You knew the following spells:

 Your Spells              Type           Power        Failure   Level  Hunger
q - Passwall              Tmut/Erth      ######..     1%          2    None
A - Sandblast             Erth           ######       0%          1    None
B - Stone Arrow           Conj/Erth      ######       1%          3    None
C - Mephitic Cloud        Conj/Pois/Air  ######..     1%          3    None
D - Lee's Rapid Deconstr  Erth           #######...   1%          5    ####...
E - Bolt of Magma         Conj/Fire/Erth ######....   1%          5    ####...
K - Olgreb's Toxic Radia  Pois           ######..     1%          4    ##.....

Your spell library contained the following spells:

 Spells                   Type           Power        Failure   Level  Hunger
 Freezing Cloud           Conj/Ice/Air   #####.....   28%         6    ######.
 Sting                    Conj/Pois      ####         1%          1    None
 Poisonous Vapours        Pois/Air       #####.       1%          2    None
 Dazzling Spray           Conj/Hex       ######       1%          3    None
 Venom Bolt               Conj/Pois      ######....   1%          5    ####...
 Spider Form              Tmut/Pois      #####.....   3%          3    None
 Petrify                  Tmut/Erth      ######..     3%          4    ##.....
 Beastly Appendage        Tmut           ###...       4%          1    None
 Confusing Touch          Hex            ###...       6%          1    None
 Corona                   Hex            ###....      6%          1    None
 Sticks to Snakes         Tmut           ###.....     7%          2    None
 Ensorcelled Hibernation  Hex/Ice        ###...       9%          2    None
 Confuse                  Hex            ###.....     19%         3    None
 Gell's Gravitas          Tloc           ###.......   19%         3    None
 Tukima's Dance           Hex            ###.....     19%         3    None
 Yara's Violent Unravell  Hex/Tmut       ###.......   34%         5    ####...
 Ice Form                 Ice/Tmut       ###.....     45%         4    ##.....
 Blade Hands              Tmut           ###.......   77%         5    ####...
 Metabolic Englaciation   Hex/Ice        ###.......   86%         5    ####...


Dungeon Overview and Level Annotations

Branches:
Dungeon (11/15)            Temple (1/1) D:5            Lair (6/6) D:8
 Shoals (0/4) Lair:2        Slime (0/5) Lair:6          Orc (0/2) D:10
  Sewer (visited)           IceCv (1/1)
  Snake: Lair:2-4    Spider: Lair:2-4

Altars:
Ashenzari
Cheibriados
Dithmenos
Elyvilon
Fedhas
Gozag
Hepliaklqana
Kikubaaqudgha
Makhleb
Nemelex Xobeh
Okawaru
Qazlal
Ru
Sif Muna
Trog
Uskayaw
Vehumet
Wu Jian
Xom
Yredelemnul
Zin
The Shining One
Beogh

Annotations:
D:2 clouds
Lair:1 3 runed translucent doors, Mrkan's ghost, novice MfSu


Innate Abilities, Weirdness & Mutations

You are resistant to torment.
Your stone body is resilient. (AC +9)
You are immune to poison.
You resist negative energy. (rN+)
You are resistant to electric shocks. (rElec)
You can survive without breathing.
You are immune to petrification.
You are immune to rotting.


Message History

The polar bear claws you.
* * * LOW HITPOINT WARNING * * *
Aim: a frost giant, wielding a +2 battleaxe of freezing (noxious fumes, heavily wounded, poisoned, confused, covered in acid)
You create a blast of noxious fumes!
The now-empty wand crumbles to dust.
The frost giant looks more healthy.
The polar bear looks more healthy.
The polar bear is engulfed in freezing vapours.
The polar bear bites something but does no damage.
The polar bear barely misses something.
The polar bear claws something but does no damage.
The polar bear is engulfed in noxious fumes.
The polar bear bites you but does no damage.
The polar bear claws you but does no damage. x2
Aim: a frost giant, wielding a +2 battleaxe of freezing (noxious fumes, heavily wounded, confused, covered in acid)
You feel a surge of power!
The blast of sand hits the polar bear.
y - 87 stones The frost giant seems less confused.
The frost giant is engulfed in noxious fumes.
The polar bear is engulfed in freezing vapours.
The polar bear bites something!!
Vehumet accepts your kill.
You feel your power returning.
You feel a bit more experienced. You block the polar bear's attack.
The polar bear barely misses you.
The polar bear claws you but does no damage.
Aim: a frost giant, wielding a +2 battleaxe of freezing (heavily wounded, covered in acid)
You feel a surge of power!
The ball explodes into a vile cloud!
The stinking cloud engulfs the polar bear but does no damage.
The stinking cloud engulfs the frost giant but does no damage.
The stinking cloud engulfs the polar bear but does no damage.
The stinking cloud engulfs you but does no damage.
The frost giant is no longer covered in acid.
The polar bear seems less confused.
The frost giant points at you and mumbles some strange words.
The bolt of cold hits the polar bear!
The polar bear resists.
The bolt of cold hits you!
* * * LOW HITPOINT WARNING * * *
The polar bear is engulfed in freezing vapours.
You kill the polar bear!
Vehumet accepts your kill.
You feel your power returning.
The polar bear is engulfed in noxious fumes.
You kill the polar bear!
Vehumet accepts your kill.
You feel your power returning.
An ice covered rock wall.
You feel a surge of power!
The wall shatters!
The blast of rock fragments hits the frost giant!
The frost giant casts a spell at you. The bolt of cold hits you!!!
Ouch! That really hurt!
You die...

#| .$ ##### .###
####...### Y..##
###....#...## Ch..#
##.....####..###hYh#
#÷....#####..##○.Y#
...#####.#.###C§###
..## #.⌠...###@.#
### ##...#.#.###
####### ######.##
##....### ###
....#..Y###
######....###
####Y..## ##.YY####
# ##..YYY##


You could see a frost giant.

Vanquished Creatures
  Rupert (Lair:6)
  2 hydras
  Fannar (Lair:2)
  2 two-headed ogres (D:11)
  2 tengu warriors (D:11)
  3 death yaks
  3 black mambas
  A guardian serpent (D:9)
  11 elephants
  A torpor snail (Lair:2)
  A gargoyle (D:10)
  An ice statue (IceCv)
  2 spiny frogs (Lair:6)
  A komodo dragon (Lair:6)
  A rime drake (Lair:4)
  A troll (D:11)
  A queen bee (Lair:2)
  The ghost of Gumption the Sneak, a novice VSEn (D:4)
  15 polar bears (IceCv)
  5 blink frogs
  5 hippogriffs
  Eustachio (D:4)
  Grum (D:9)
  2 basilisks
  39 yaks
  A human (D:11)
  A vampire mosquito (Lair:6)
  6 water moccasins
  Duvessa (D:6)
  5 porcupines
  3 orc warriors
  A phantom (D:11)
  7 sky beasts
  A black bear (D:6)
  2 ogres
  6 centaurs
  22 wolves
  6 crocodiles
  3 big kobolds
  15 bullfrogs
  A gnoll sergeant (D:8)
  4 scorpions
  3 wyvern skeletons
  Dowan (D:6)
  38 killer bees
  8 howler monkeys
  6 crimson imps
  2 jellies
  A quasit (D:11)
  A centaur skeleton (D:6)
  A centaur zombie (D:8)
  4 hounds
  A bullfrog skeleton (D:7)
  5 orc priests
  Crazy Yiuf (D:4)
  An iguana (D:11)
  10 orc wizards
  A merfolk siren (Sewer)
  9 worker ants
  A merfolk avatar (Sewer)
  A killer bee zombie (D:6)
  A howler monkey zombie (D:8)
  Robin (D:4)
  13 gnolls
  19 adders
  A river rat (Sewer)
  A shadow imp (D:8)
  An adder skeleton (D:9)
  An adder zombie (D:6)
  A worm (D:2)
  6 dart slugs
  9 leopard geckos
  28 orcs
  6 bats
  9 giant cockroaches
  10 hobgoblins
  10 jackals
  5 quokkas
  4 ball pythons (Sewer)
  5 frilled lizards
  13 goblins
  14 kobolds
  32 rats
  2 rat zombies (D:3)
  A fungus (D:4)
477 creatures vanquished.

Vanquished Creatures (others)
  A wolf (IceCv)
  20 fungi
  35 plants (Lair:6)
56 creatures vanquished.

Grand Total: 533 creatures vanquished

Notes
Turn   | Place    | Note
-------+----------+-------------------------------------------
     0 | D:1      | Thantalas the Gargoyle Earth Elementalist began the quest
                  | for the Orb.
     0 | D:1      | Reached XP level 1. HP: 10/10 MP: 3/3
   196 | D:1      | Reached XP level 2. HP: 16/16 MP: 3/5
   286 | D:1      | Reached skill level 1 in Fighting
   494 | D:1      | Reached skill level 4 in Earth Magic
   808 | D:1      | Reached XP level 3. HP: 20/20 MP: 3/6
   819 | D:1      | Learned a level 3 spell: Stone Arrow
  1420 | D:2      | Reached XP level 4. HP: 26/26 MP: 8/8
  1496 | D:2      | Reached skill level 1 in Conjurations
  2374 | D:3      | Reached XP level 5. HP: 31/31 MP: 9/9
  2464 | D:3      | Found a sacrificial altar of Ru.
  2497 | D:3      | Reached skill level 5 in Earth Magic
  2684 | D:3      | Reached XP level 6. HP: 32/36 MP: 11/11
  2757 | D:3      | Found an ancient bone altar of Kikubaaqudgha.
  2809 | D:4      | Found a snail-covered altar of Cheibriados.
  2851 | D:4      | Noticed Eustachio
  2865 | D:4      | Found a glowing drain.
  2887 | D:4      | Killed Eustachio
  2887 | D:4      | Reached XP level 7. HP: 34/42 MP: 1/12
  2914 | Sewer    | Entered a sewer
  3381 | Sewer    | Reached skill level 6 in Earth Magic
  3555 | D:4      | Found a runed translucent door.
  3561 | D:4      | Noticed Gumption's ghost (novice VSEn)
  3579 | D:4      | Noticed Robin
  3617 | D:4      | Killed Robin
  3711 | D:4      | Found the +3 pair of gauntlets of War {Slay+5}
  3978 | D:4      | Found a bloodstained altar of Trog.
  4066 | D:4      | Found a runed translucent door.
  4067 | D:4      | Noticed Crazy Yiuf
  4072 | D:4      | Killed Crazy Yiuf
  4120 | D:4      | Reached XP level 8. HP: 45/48 MP: 14/14
  4125 | D:4      | Killed Gumption's ghost
  4255 | D:4      | Reached skill level 5 in Fighting
  4268 | D:5      | Entered Level 5 of the Dungeon
  4508 | D:5      | Reached skill level 7 in Earth Magic
  4549 | D:5      | Found a staircase to the Ecumenical Temple.
  4565 | Temple   | Entered the Ecumenical Temple
  4679 | Temple   | Became a worshipper of Vehumet
  4914 | D:5      | Reached skill level 5 in Spellcasting
  5051 | D:5      | Got a brightly glowing plate armour
  5119 | D:5      | Reached skill level 5 in Conjurations
  5135 | D:5      | Learned a level 5 spell: Lee's Rapid Deconstruction
  5145 | D:5      | Identified the cursed +1 plate armour of the Land of Plenty
                  | {+Fly Stlth+} (You found it on level 5 of the Dungeon)
  5326 | D:6      | Noticed Duvessa
  5326 | D:6      | Noticed Dowan
  5335 | D:6      | Killed Dowan
  5376 | D:6      | Killed Duvessa
  5608 | D:6      | Reached XP level 9. HP: 44/55 MP: 17/17
  5754 | D:6      | Reached skill level 8 in Earth Magic
  5804 | D:6      | Found an iron altar of Okawaru.
  5832 | D:6      | Reached * piety under Vehumet
  5832 | D:6      | Offered knowledge of Freeze by Vehumet.
  5984 | D:6      | Got a faintly humming robe
  6170 | D:6      | Identified the cursed +0 robe "Kuyfy" {+Blink +Inv rPois
                  | Dex-4} (You found it on level 6 of the Dungeon)
  6796 | D:7      | Learned a level 3 spell: Mephitic Cloud
  6801 | D:7      | Learned a level 4 spell: Olgreb's Toxic Radiance
  6947 | D:7      | Reached skill level 1 in Poison Magic
  7099 | D:7      | Reached skill level 1 in Air Magic
  7726 | D:8      | Found a blossoming altar of Fedhas.
  7771 | D:8      | Reached ** piety under Vehumet
  7795 | D:8      | Offered knowledge of Magic Dart by Vehumet.
  7795 | D:8      | Reached XP level 10. HP: 63/63 MP: 19/19
  7932 | D:8      | Reached skill level 9 in Earth Magic
  7956 | D:8      | Found a staircase to the Lair.
  7968 | D:8      | Found a glowing silver altar of Zin.
  8278 | D:9      | Noticed Grum
  8309 | D:9      | Killed Grum
  8327 | D:9      | Noticed a guardian serpent
  8352 | D:9      | Killed a guardian serpent
  8615 | D:9      | Offered knowledge of Searing Ray by Vehumet.
  9187 | D:9      | Noticed a five-headed hydra
  9192 | D:9      | Killed a five-headed hydra
  9585 | D:10     | Entered Level 10 of the Dungeon
  9623 | D:10     | Reached *** piety under Vehumet
  9709 | D:10     | Noticed a gargoyle
  9711 | D:10     | Killed a gargoyle
  9779 | D:10     | Reached XP level 11. HP: 64/68 MP: 21/21
  9858 | D:10     | Reached skill level 10 in Earth Magic
 10073 | D:10     | Found a staircase to the Orcish Mines.
 10111 | D:10     | Offered knowledge of Airstrike by Vehumet.
 10297 | D:10     | Found a roughly hewn altar of Beogh.
 10666 | D:11     | Noticed a tengu warrior
 10666 | D:11     | Noticed a tengu warrior
 10688 | D:11     | Killed a tengu warrior
 10693 | D:11     | Killed a tengu warrior
 10693 | D:11     | Reached skill level 5 in Poison Magic
 11138 | D:11     | Noticed a two-headed ogre
 11139 | D:11     | Noticed a two-headed ogre
 11142 | D:11     | Killed a two-headed ogre
 11144 | D:11     | Reached **** piety under Vehumet
 11151 | D:11     | Killed a two-headed ogre
 11744 | Lair:1   | Entered Level 1 of the Lair of Beasts
 11781 | Lair:1   | Offered knowledge of Iskenderun's Battlesphere by Vehumet.
 11957 | Lair:1   | Reached skill level 11 in Earth Magic
 11969 | Lair:1   | Reached XP level 12. HP: 43/76 MP: 24/24
 12364 | Lair:1   | Noticed a six-headed hydra
 12370 | Lair:1   | Killed a six-headed hydra
 12370 | Lair:1   | Reached skill level 1 in Shields
 12534 | Lair:1   | Found a runed translucent gate.
 12534 | Lair:1   | Found a runed translucent gate.
 12534 | Lair:1   | Found a runed translucent gate.
 12536 | Lair:1   | Noticed Mrkan's ghost (novice MfSu)
 13053 | Lair:2   | Noticed a death yak
 13078 | Lair:2   | Killed a death yak
 13078 | Lair:2   | Reached skill level 10 in Fighting
 13528 | Lair:2   | Found a staircase to the Shoals.
 13556 | Lair:2   | Reached ***** piety under Vehumet
 13556 | Lair:2   | Offered knowledge of Bolt of Magma by Vehumet.
 13766 | Lair:2   | Learned a level 5 spell: Bolt of Magma
 13868 | Lair:2   | Noticed Fannar
 13876 | Lair:2   | Killed Fannar
 13876 | Lair:2   | Reached skill level 10 in Conjurations
 14312 | Lair:3   | You fall into a shaft and drop 3 floors!
 14312 | Lair:6   | Entered Level 6 of the Lair of Beasts
 14359 | Lair:6   | Reached skill level 12 in Earth Magic
 14511 | Lair:6   | Reached XP level 13. HP: 69/82 MP: 26/26
 14520 | Lair:6   | Noticed Rupert
 14527 | Lair:6   | HP: 4/82 [Rupert/+4 battleaxe of freezing (19)]
 14547 | Lair:6   | Killed Rupert
 14786 | Lair:6   | Learned a level 2 spell: Passwall
 14903 | Lair:4   | Reached skill level 10 in Spellcasting
 14916 | Lair:4   | Reached skill level 13 in Earth Magic
 14947 | Lair:4   | Found a frozen archway.
 14977 | IceCv    | Entered an ice cave
 15124 | IceCv    | Offered knowledge of Freezing Cloud by Vehumet.
 15638 | IceCv    | Noticed a frost giant
 15654 | IceCv    | Killed from afar by a frost giant

Levels and vault maps discovered:
D:1:      lightli_arrival_statue_moat, layout_loops_corners
D:2:      layout_loops_ring, first_ration, serial_forest,
          infiniplex_forest_straight_2, infiniplex_forest_clump_small,
          infiniplex_forest_clump_large, infiniplex_forest_corner_1,
          infiniplex_forest_side_room, infiniplex_forest_corner_2,
          lemuel_flame_loot_1
D:3:      layout_basic, marbit_many_paths, lemuel_zombie_altar_kikubaaqudgha
D:4:      layout_rooms, cheibriados_altar_1, gup_sewer_entry_glass,
          serial_glass, glass_columns_c, glass_columns_b, ebering_ghost_sewer_d,
          trog_book, uniq_robin, uniq_crazy_yiuf_cottage, uniq_eustachio
D:5:      layout_loops_corners, minmay_temple_entry_junction,
          kennysheep_generic_room_9
D:6:      layout_basic, okawaru_gym_becter, uniq_duvessa
D:7:      layout_loops_corners
D:8:      layout_basic, nicolae_overflow_crystal_walls, fedhas_altar_3
D:9:      layout_stronghold, nrook_guardian_serpent_double, uniq_grum
D:10:     layout_basic, minmay_orc_entry_temple_small
D:11:     layout_loops_ring, grunt_pizzeria, hangedman_decor_riveting,
          wad_rectangle_vault
Temple:   regret_index_temple_sphere_string
Lair:1:   layout_small_grid, gammafunk_ghost_necromancy
Lair:2:   layout_roguey [special_room_bee], elwin_shoals_entry_rocks,
          grunt_megastairs_2, uniq_fannar
Lair:3:   layout_roguey, guppyfry_snake_entry_garden, beast_lair_carwin_1,
          grunt_megastairs_4, lemuel_fruit_tree, serial_bayou_shore_b
Lair:4:   layout_loops_ring, portal_ice_cave_entry_pillars_1
Lair:5:   layout_cave_pods
Lair:6:   minmay_lair_end_frog_pond, layout_layer_cave,
          minmay_slime_entry_pillars, serial_bayou_shore_b,
          minmay_lair_oklob_chamber, uniq_rupert
IceCv:    ice_cave_caverns_01

Skill      XL: |  1  2  3  4  5  6  7  8  9 10 11 12 13 |
---------------+----------------------------------------+-----
Fighting       | 1 2 3 4 5 7 8 9 10 | 10.0
Earth Magic    | 4 5 6 7 8 9 11 12 13 | 13.7
Conjurations   | 1 2 3 4 5 6 8 9 10 12 | 12.1
Spellcasting   | 3 4 5 6 7 8 9 10 | 10.7
Poison Magic   | 2 4 6 7 |  7.1
Air Magic      | 1 3 |  3.1
Shields        | 4 |  4.0
Dodging        | |  1.5
Stealth        | |  2.1
Transmutations | |  0.7

Action                   |  1- 3 |  4- 6 |  7- 9 | 10-12 | 13-15 || total
-------------------------+-------+-------+-------+-------+-------++-------
Melee: Short sword       |    21 |       |       |       |       ||    21
       Spear             |    18 |    62 |   231 |     1 |       ||   312
       Quarterstaff      |       |       |    23 |       |       ||    23
       Long sword        |       |       |    94 |   301 |    88 ||   483
       Unarmed           |       |       |     6 |       |       ||     6
 Cast: Sandblast         |    35 |    45 |    54 |   131 |    94 ||   359
       Stone Arrow       |       |     6 |    17 |    29 |    14 ||    66
       Lee's Rapid Decon |       |       |     7 |    10 |     7 ||    24
       Mephitic Cloud    |       |       |     1 |    36 |    25 ||    62
       Olgreb's Toxic Ra |       |       |       |    16 |     8 ||    24
       Passwall          |       |       |       |       |     1 ||     1
Evoke: Wand              |       |       |       |     8 |     8 ||    16
  Use: Scroll            |     3 |     7 |     7 |     9 |     3 ||    29
       Potion            |       |       |     1 |     1 |     6 ||     8
 Stab: Sleeping          |     1 |     4 |    11 |     6 |       ||    22
       Confused          |       |       |     3 |     6 |    11 ||    20
  Eat: Chunk             |     2 |     4 |    15 |    12 |     6 ||    39
       Ration            |       |       |     1 |     3 |       ||     4
Armor: Robe              |    11 |    23 |   173 |   213 |    95 ||   515
       Skin              |       |       |     2 |       |     4 ||     6
Dodge: Dodged            |    14 |    34 |   310 |   262 |    87 ||   707
Block: Other             |       |     9 |    52 |    56 |       ||   117
       Reflection        |       |       |     3 |       |       ||     3
       Buckler           |       |       |       |    31 |    55 ||    86
       Rpst.: Long sword |       |       |    12 |    79 |    21 ||   112
